 Dungeon Crawl Stone Soup version 0.19.1-28-ge1247f7 (console) character file.

9921 Kloppie the Impaler (level 11, 0/138 HPs)
             Began as a Merfolk Berserker on Jan 21, 2017.
             Was a High Priest of Trog.
             Slain by a white imp (4 damage)
             ... on level 11 of the Dungeon.
             The game lasted 00:15:13 (11484 turns).

Kloppie the Impaler (Merfolk Berserker)            Turns: 11484, Time: 00:15:14

Health: 0/138      AC:  7    Str: 22    XL:     11   Next: 54%
Magic:  11/11      EV: 18    Int:  6    God:    Trog [*****.]
Gold:   627        SH:  0    Dex: 18    Spells: 0 memorised, 10 levels left

rFire  . . .     SeeInvis .     b - +0 glaive
rCold  . . .     Gourm    .     w - +1 robe {MR+}
rNeg   . . .     Faith    .     (shield currently unavailable)
rPois  +         Spirit   .     t - +0 helmet
rElec  .         Reflect  .     u - +0 cloak
rCorr  .         Harm     .     A - +0 pair of gloves
MR     +....                    i - +0 pair of boots
Stlth  ..........               (no amulet)
                                (no ring)
                                B - ring of poison resistance

@: berserking, barbed spikes, very quick
A: change form in water, swift swim, stealthy swim
a: Berserk, Trog's Hand, Brothers in Arms, Burn Spellbooks, Renounce Religion


You were on level 11 of the Dungeon.
You worshipped Trog.
Trog was extremely pleased with you.
You were hungry.

You visited 1 branch of the dungeon, and saw 11 of its levels.

You collected 627 gold pieces.

Inventory:

Hand Weapons
 a - a +0 trident
 b - a +0 glaive (weapon)
 s - a +0 spear
Missiles
 g - 7 javelins (quivered)
Armour
 i - a +0 pair of boots (worn)
 t - a +0 helmet (worn)
 u - a +0 cloak (worn)
 w - a +1 robe of magic resistance (worn)
 A - a +0 pair of gloves (worn)
 M - a +0 troll leather armour
Jewellery
 B - a ring of poison resistance (left hand)
Wands
 z - a wand of slowing (17/48)
 E - a wand of polymorph (11/24)
 F - a wand of teleportation (5/9)
 H - a wand of slowing (29/48)
 I - a wand of paralysis (16/24)
Scrolls
 e - 2 scrolls of magic mapping
 k - 5 scrolls of enchant weapon
 l - 6 scrolls of recharging
 n - 6 scrolls of remove curse
 o - 5 scrolls of teleportation
 r - 4 scrolls of fog {unknown}
 x - a scroll of enchant armour {unknown}
 y - 2 scrolls of fear {unknown}
Potions
 f - 3 potions of invisibility
 h - 2 potions of heal wounds
 j - a potion of degeneration {unknown}
 m - a potion of cancellation
 p - 2 potions of flight
 v - 4 potions of curing
 D - a potion of agility
 J - a potion of cure mutation
Books
 q - a book of Geomancy

   Spells                             Type                      Level
   a - Sandblast                      Earth                        1
   b - Passwall                       Transmutation/Earth          2
   c - Stone Arrow                    Conjuration/Earth            3
   d - Petrify                        Transmutation/Earth          4
   e - Lee's Rapid Deconstruction     Earth                        5
   Trog disapproves of the use of such an item.
 K - a book of Minor Magic

   Spells                             Type                      Level
   a - Magic Dart                     Conjuration                  1
   b - Blink                          Translocation                2
   c - Call Imp                       Summoning                    2
   d - Repel Missiles                 Charms/Air                   2
   e - Slow                           Hexes                        2
   f - Conjure Flame                  Conjuration/Fire             3
   g - Mephitic Cloud                 Conjuration/Poison/Air       3
   Trog disapproves of the use of such an item.
Comestibles
 c - 9 bread rations
 d - 3 meat rations
 C - 11 slices of pizza
 G - 3 fruits


   Skills:
 - Level 10.4 Fighting
 + Level 18.7 Polearms
 - Level 1.3 Armour
 - Level 8.2 Dodging


You had 10 spell levels left.
You didn't know any spells.

Dungeon Overview and Level Annotations

Branches:
Dungeon (11/15)            Temple (0/1) D:5            Lair (0/6) D:8
    Orc (0/2) D:9

Altars:
Dithmenos
Fedhas
Okawaru
Qazlal
Sif Muna
Trog
Vehumet
The Shining One
Beogh

Shops:
D:8 }   D:9 [

Portals:
Ice
Cave: D:11


Message History

You hit the manticore.
You kill the manticore!
Trog accepts your kill. The bullfrog barely misses you.
The bullfrog misses you. The white imp gestures at you.
The puff of frost hits you!
* * * LOW HITPOINT WARNING * * *
The hungry ghost hits you.
You are feeling hungry.
You miss the hungry ghost. The bullfrog hits you.
* * * LOW HITPOINT WARNING * * *
The bullfrog completely misses you.
An orc warrior comes into view.
It is wielding a scimitar of holy wrath.
The orc warrior shouts!
You slice the hungry ghost!!
The hungry ghost is heavily damaged.
The white imp hits you.
* * * LOW HITPOINT WARNING * * *
The white imp freezes you.
You die...

,.......WH5...........(.....*
,....###)##.H...............*
,.#.,,,.5.....###....>.....#*
,,*,,,.5.##................#
,,,,,....."..###...........#*****
*,,,.∩..##.....##..T..##....,,,,,
,,,.....,...##.(...[..#**,,.,,,,,
,,......,......W5#.##.##*,,,,,,,,
,,,,,*,*,......5@F......,,,,,,,,,
,,,,,,,*,.....?.)F...../.,,,,,,,,
,,,,,,,,,..................,,,,,,
,,,,,,,,,..................,,,,,,
,,,,*,,,,..................,,,,**
,,,,**,,,................,,,,,,*
,,,,**,,,...........?..o,,,,,,,*
,,,,**,,,...............,,,,,,,*
,,,,**,,,,,,,,,,,,,,,,,,,,,,,,,*


You could see a hungry ghost, an orc warrior, 2 bullfrogs and 2 white imps.

Vanquished Creatures
  2 hill giants
  Pikel (D:6)
  An ugly thing (D:11)
  A manticore (D:11)
  Joseph (D:8)
  3 trolls
  A hippogriff (D:8)
  Sigmund (D:6)
  6 yaks (D:9)
  A wyvern (D:8)
  A human (D:9)
  A hungry ghost (D:8)
  Menkaure (D:5)
  2 water moccasins (D:7)
  3 wargs (D:8)
  Duvessa (D:6)
  An ice beast (D:10)
  4 orc warriors
  A necrophage (D:8)
  2 sky beasts
  A phantom (D:5)
  A black bear (D:9)
  An eye of draining (D:10)
  8 ogres
  3 centaurs
  2 big kobolds
  Blork the orc (D:6)
  4 bullfrogs
  A gnoll sergeant (D:8)
  3 scorpions
  Dowan (D:6)
  A water moccasin skeleton (D:9)
  A howler monkey (D:5)
  2 jellies
  7 crimson imps
  7 hounds
  8 orc priests
  9 orc wizards
  Jessica (D:2)
  2 bullfrog skeletons
  8 iguanas
  5 worker ants
  A killer bee zombie (D:9)
  A hound zombie (D:8)
  3 hound skeletons
  A worker ant zombie (D:5)
  4 gnolls (D:8)
  8 adders
  2 shadow imps
  7 white imps (D:11)
  3 oozes
  An adder skeleton (D:8)
  3 worms
  2 dart slugs (D:2)
  3 leopard geckos
  51 orcs
  3 ball pythons
  2 bats
  5 giant cockroaches
  7 goblins
  4 hobgoblins
  6 jackals
  5 quokkas
  11 frilled lizards
  17 kobolds
  5 rats
267 creatures vanquished.

Vanquished Creatures (others)
  2 slaves (D:6)
  A phantom (D:6)
  2 adders (D:6)
  A kobold (D:8)
6 creatures vanquished.

Grand Total: 273 creatures vanquished

Notes
Turn   | Place    | Note
-------+----------+-------------------------------------------
     0 | D:1      | Kloppie the Merfolk Berserker began the quest for the Orb.
     0 | D:1      | Reached XP level 1. HP: 18/18 MP: 1/1
   441 | D:1      | Reached XP level 2. HP: 24/24 MP: 2/2
   885 | D:2      | Reached skill level 5 in Polearms
   885 | D:2      | Reached XP level 3. HP: 22/30 MP: 3/3
  1475 | D:2      | Noticed Jessica
  1483 | D:2      | Killed Jessica
  1483 | D:2      | Reached XP level 4. HP: 38/38 MP: 4/4
  1809 | D:2      | Reached ** piety under Trog
  1888 | D:2      | Reached skill level 5 in Fighting
  2475 | D:3      | Reached skill level 6 in Polearms
  2475 | D:3      | Reached XP level 5. HP: 36/44 MP: 5/5
  4081 | D:4      | Reached skill level 7 in Polearms
  4081 | D:4      | Reached XP level 6. HP: 44/52 MP: 6/6
  4093 | D:4      | Found a blossoming altar of Fedhas.
  4166 | D:5      | Entered Level 5 of the Dungeon
  4309 | D:5      | Noticed Menkaure
  4324 | D:5      | Killed Menkaure
  4408 | D:5      | Noticed a phantom
  4432 | D:5      | Killed a phantom
  4432 | D:5      | Reached skill level 8 in Polearms
  4432 | D:5      | Reached XP level 7. HP: 37/59 MP: 7/7
  4571 | D:5      | Found a staircase to the Ecumenical Temple.
  4583 | D:5      | Found a bloodstained altar of Trog.
  4714 | D:5      | Reached *** piety under Trog
  4895 | D:5      | Reached skill level 9 in Polearms
  5191 | D:6      | Noticed Pikel
  5217 | D:6      | Killed Pikel
  5217 | D:6      | Reached skill level 11 in Polearms
  5217 | D:6      | Reached XP level 8. HP: 67/67 MP: 8/8
  5328 | D:6      | Reached skill level 12 in Polearms
  5347 | D:6      | Found an iron altar of Okawaru.
  5542 | D:6      | Noticed Blork the orc
  5558 | D:6      | Killed Blork the orc
  5564 | D:6      | Found a deep blue altar of Sif Muna.
  5603 | D:6      | Found a radiant altar of Vehumet.
  5617 | D:6      | Noticed Sigmund
  5625 | D:6      | Killed Sigmund
  5734 | D:6      | Reached skill level 13 in Polearms
  5791 | D:6      | Noticed Duvessa
  5791 | D:6      | Noticed Dowan
  5800 | D:6      | Killed Duvessa
  5802 | D:6      | Killed Dowan
  5802 | D:6      | Reached XP level 9. HP: 72/72 MP: 9/9
  5951 | D:6      | Gained mutation: You are somewhat resistant to further mutation. [potion of mutation]
  6097 | D:7      | Reached skill level 14 in Polearms
  6404 | D:7      | Reached skill level 5 in Dodging
  6748 | D:7      | Found a glowing golden altar of the Shining One.
  7489 | D:7      | Lost mutation: You are somewhat resistant to further mutation. [potion of cure mutation]
  7518 | D:8      | Found a roughly hewn altar of Beogh.
  7544 | D:8      | Reached **** piety under Trog
  7721 | D:8      | Found a shadowy altar of Dithmenos.
  7754 | D:8      | Reached XP level 10. HP: 83/83 MP: 10/10
  7889 | D:8      | Reached skill level 10 in Fighting
  8387 | D:8      | Found a stormy altar of Qazlal.
  8510 | D:8      | Found a staircase to the Lair.
  8672 | D:8      | Found Kigatoet's Gadget Boutique.
  8761 | D:8      | Noticed Joseph
  8776 | D:8      | Killed Joseph
  8776 | D:8      | Reached skill level 15 in Polearms
  9173 | D:9      | Found Dyrranele's Armour Emporium.
  9204 | D:9      | Found a staircase to the Orcish Mines.
  9428 | D:9      | Found a roughly hewn altar of Beogh.
  9537 | D:9      | Reached skill level 16 in Polearms
  9555 | D:9      | Reached XP level 11. HP: 69/92 MP: 11/11
  9737 | D:9      | Reached skill level 17 in Polearms
  9947 | D:9      | Reached ***** piety under Trog
 10074 | D:10     | Entered Level 10 of the Dungeon
 10151 | D:10     | Noticed a hill giant
 10163 | D:10     | Killed a hill giant
 11232 | D:11     | Found a frozen archway.
 11235 | D:11     | Noticed a hill giant
 11239 | D:11     | Noticed a cyan ugly thing
 11245 | D:11     | Noticed a manticore
 11250 | D:11     | Killed a hill giant
 11250 | D:11     | Reached skill level 18 in Polearms
 11255 | D:11     | Killed a cyan ugly thing
 11482 | D:11     | Killed a manticore
 11483 | D:11     | HP: 6/138 [bullfrog (1)]
 11484 | D:11     | Slain by a white imp

Skill      XL: |  1  2  3  4  5  6  7  8  9 10 11 |
---------------+----------------------------------+-----
Fighting       | 4 5 6 7 9 10 | 10.4
Polearms       | 5 6 7 8 11 13 14 16 18 | 18.7
Dodging        | 8 |  8.2
Armour         | |  1.3

Action                   |  1- 3 |  4- 6 |  7- 9 | 10-12 || total
-------------------------+-------+-------+-------+-------++-------
Melee: Spear             |   106 |    51 |       |       ||   157
       Trident           |       |   141 |   391 |   190 ||   722
       Glaive            |       |       |       |   249 ||   249
Invok: Berserk           |     2 |     1 |     7 |     8 ||    18
       Trog's Hand       |       |       |     3 |     5 ||     8
  Use: Potion            |       |       |    10 |     1 ||    11
       Scroll            |       |       |     6 |     6 ||    12
 Stab: Sleeping          |     4 |     5 |     3 |     2 ||    14
       Distracted        |       |       |     1 |     1 ||     2
  Eat: Chunk             |     4 |     9 |    18 |    21 ||    52
       Beef jerky        |       |       |       |     1 ||     1
       Meat ration       |       |       |       |     1 ||     1
Armor: Animal skin       |    12 |     8 |       |       ||    20
       Robe              |       |    13 |    28 |    68 ||   109
       Ring mail         |       |     7 |       |       ||     7
Dodge: Dodged            |    53 |    77 |   135 |   298 ||   563
